PUB
TORONTO BLUE JAYS @ PHILADELPHIA ATHLETICS
04/27/1972
 
TOP OF THE 1ST
Toronto Blue Jays batting - Pitching for Philadelphia Athletics : LHP Jerry Bowen
Pitching: LHP Jerry Bowen
Batting: RHB Waylon Castro 0-0: Foul Ball, location: 2F
0-1: Swinging Strike
0-2: Foul Ball, location: 23FF
0-2: SINGLE (Groundball, 25, EV 74.4 MPH) (infield hit)
Batting: RHB Michael McKee 0-0: Called Strike
0-1: Called Strike
0-2: Ball
1-2: Foul Ball, location: 2F
1-2: Strikes out swinging
Batting: RHB Amos Otis 0-0: Ball
1-0: Fly out, F9 (Line Drive, 9, EV 91.9 MPH)
Batting: RHB Masahiro Sakai 0-0: Ball
1-0: Foul Ball, location: 2F
1-1: Foul Ball, location: 9LDF
1-2: Strikes out swinging
Top of the 1st over - 0 runs, 1 hit, 0 errors, 1 left on base; Toronto 0 - Philadelphia 0
BOTTOM OF THE 1ST
Philadelphia Athletics batting - Pitching for Toronto Blue Jays : RHP Jesús Núñez
Pitching: RHP Jesús Núñez
Batting: RHB Carl Plumer 0-0: Called Strike
0-1: Foul Ball, location: 2F
0-2: Foul Ball, location: 3FF
0-2: Ball
1-2: Ball
2-2: Ground out 3-1 (Groundball, 34S, EV 73.1 MPH)
Batting: LHB Oscar Gamble 0-0: Called Strike
0-1: Ball
1-1: Foul Ball, location: 2F
1-2: Fly out, F7 (Flyball, 78S, EV 78.8 MPH)
Batting: RHB Bobby Bonds 0-0: Ball
1-0: Called Strike
1-1: Foul Ball, location: 23F
1-2: Strikes out swinging
Bottom of the 1st over - 0 runs, 0 hits, 0 errors, 0 left on base; Toronto 0 - Philadelphia 0
TOP OF THE 2ND
Toronto Blue Jays batting - Pitching for Philadelphia Athletics : LHP Jerry Bowen
Batting: RHB Danny Britt 0-0: Swinging Strike
0-1: Foul Ball, location: 9LMF
0-2: Strikes out swinging
Batting: RHB Walt Bates 0-0: Ball
1-0: Foul Ball, location: 3F
1-1: Foul Ball, location: 9LDF
1-2: Ball
2-2: Foul Ball, location: 23F
2-2: Strikes out swinging
Batting: RHB Jim Fregosi 0-0: Ball
1-0: Called Strike
1-1: Foul Ball, location: 7LSFF
1-2: Ball
2-2: Foul Ball, location: 2F
2-2: Strikes out looking
Top of the 2nd over - 0 runs, 0 hits, 0 errors, 0 left on base; Toronto 0 - Philadelphia 0
BOTTOM OF THE 2ND
Philadelphia Athletics batting - Pitching for Toronto Blue Jays : RHP Jesús Núñez
Batting: LHB Declan Lee 0-0: Swinging Strike
0-1: Swinging Strike
0-2: Strikes out swinging
Batting: RHB Frank Harris 0-0: Ground out 6-3 (Groundball, 6S, EV 85.6 MPH)
Batting: LHB Ed Kirkpatrick 0-0: Ball
1-0: Foul Ball, location: 2F
1-1: Ball
2-1: Ground out 5-3 (Groundball, 56, EV 108.8 MPH)
Bottom of the 2nd over - 0 runs, 0 hits, 0 errors, 0 left on base; Toronto 0 - Philadelphia 0
TOP OF THE 3RD
Toronto Blue Jays batting - Pitching for Philadelphia Athletics : LHP Jerry Bowen
Batting: RHB Howard Brown 0-0: Foul Ball, location: 2F
0-1: Foul Ball, location: 2F
0-2: Ball
1-2: Ball
2-2: Ball
3-2: Fly out, F8 (Flyball, 8RM, EV 94.4 MPH)
Batting: RHB Jesús Núñez 0-0: Ball
1-0: Called Strike
1-1: Swinging Strike
1-2: Strikes out swinging
Batting: RHB Waylon Castro 0-0: Foul Ball, location: 5F
0-1: Swinging Strike
0-2: Strikes out swinging
Top of the 3rd over - 0 runs, 0 hits, 0 errors, 0 left on base; Toronto 0 - Philadelphia 0
BOTTOM OF THE 3RD
Philadelphia Athletics batting - Pitching for Toronto Blue Jays : RHP Jesús Núñez
Batting: RHB Toby Harrah 0-0: Called Strike
0-1: Swinging Strike
0-2: Strikes out swinging
Batting: RHB Bobby Knoop 0-0: Bunt missed!
0-1: Ball
1-1: Ground out 6-3 (Groundball, 6, EV 78.8 MPH)
Batting: LHB Jerry Bowen 0-0: Called Strike
0-1: Foul Ball, location: 2F
0-2: Foul Ball, location: 5DF
0-2: Strikes out swinging
Bottom of the 3rd over - 0 runs, 0 hits, 0 errors, 0 left on base; Toronto 0 - Philadelphia 0
TOP OF THE 4TH
Toronto Blue Jays batting - Pitching for Philadelphia Athletics : LHP Jerry Bowen
Batting: RHB Michael McKee 0-0: Ball
1-0: Fly out, F8 (Flyball, 89XD, EV 85.6 MPH)
Batting: RHB Amos Otis 0-0: Called Strike
0-1: Swinging Strike
0-2: Ball
1-2: Foul Ball, location: 2F
1-2: Ball
2-2: Ball
3-2: Fly out, F9 (Flyball, 89M, EV 91.9 MPH)
Batting: RHB Masahiro Sakai 0-0: Called Strike
0-1: Foul Ball, location: 2F
0-2: Ball
1-2: Foul Ball, location: 5DF
1-2: Strikes out swinging
Top of the 4th over - 0 runs, 0 hits, 0 errors, 0 left on base; Toronto 0 - Philadelphia 0
BOTTOM OF THE 4TH
Philadelphia Athletics batting - Pitching for Toronto Blue Jays : RHP Jesús Núñez
Batting: RHB Carl Plumer 0-0: Called Strike
0-1: Ball
1-1: Ball
2-1: Foul Ball, location: 25F
2-2: Foul Ball, location: 5F
2-2: Reached on error, E6 (Groundball, 6, EV 86.9 MPH)
Batting: LHB Oscar Gamble 0-0: Swinging Strike
0-1: Ball
1-1: Foul Ball, location: 7LMF
1-2: Ball
2-2: Foul Ball, location: 5FF
2-2: DOUBLE (Flyball, 89D, EV 110.6 MPH)
Carl Plumer scores
Batting: RHB Bobby Bonds 0-0: Called Strike
0-1: Ground out 2-3 (Groundball, 15S, EV 70.6 MPH)
Batting: LHB Declan Lee 0-0: Swinging Strike
0-1: Ground out 4-3 (Groundball, 4, EV 80.0 MPH)
Oscar Gamble to third
Batting: RHB Frank Harris 0-0: Foul Ball, location: 9LSF
0-1: Ball
1-1: Fly out, F9 (Line Drive, 9, EV 95.0 MPH)
Bottom of the 4th over - 1 run, 1 hit, 1 error, 1 left on base; Toronto 0 - Philadelphia 1
TOP OF THE 5TH
Toronto Blue Jays batting - Pitching for Philadelphia Athletics : LHP Jerry Bowen
Batting: RHB Danny Britt 0-0: Ball
1-0: Hit by Pitch
Batting: RHB Walt Bates 0-0: Ball
1-0: Fly out, F2 (Popup, 2RF, EV 95.0 MPH)
Batting: RHB Jim Fregosi 0-0: Called Strike
0-1: Foul Ball, location: 9LSF
0-2: Ball
1-2: Strikes out swinging
Batting: RHB Howard Brown 0-0: Ball
1-0: Foul Ball, location: 5DF
1-1: Ball
2-1: Ball
Wild Pitch!
Danny Britt to second
3-1: Intentional Walk
Batting: RHB Jesús Núñez 0-0: Called Strike
0-1: Ball
1-1: Ball
2-1: Swinging Strike
2-2: Strikes out swinging
Top of the 5th over - 0 runs, 0 hits, 0 errors, 2 left on base; Toronto 0 - Philadelphia 1
BOTTOM OF THE 5TH
Philadelphia Athletics batting - Pitching for Toronto Blue Jays : RHP Jesús Núñez
Batting: LHB Ed Kirkpatrick 0-0: Fly out, F8 (Flyball, 8RXD, EV 95.6 MPH)
Batting: RHB Toby Harrah 0-0: Ball
1-0: Ball
2-0: Ball
3-0: Base on Balls
Batting: RHB Bobby Knoop 0-0: Ball
1-0: Called Strike
Toby Harrah is caught stealing 2nd base 2-4
1-1: Foul Ball, location: 25F
1-2: Ground out 5-3 (Groundball, 5S, EV 83.8 MPH)
Bottom of the 5th over - 0 runs, 0 hits, 0 errors, 0 left on base; Toronto 0 - Philadelphia 1
TOP OF THE 6TH
Toronto Blue Jays batting - Pitching for Philadelphia Athletics : LHP Jerry Bowen
Batting: RHB Waylon Castro 0-0: Ball
1-0: Foul Ball, location: 2F
1-1: Swinging Strike
1-2: Strikes out looking
Batting: RHB Michael McKee 0-0: Ball
1-0: Ball
2-0: Called Strike
2-1: Foul Ball, location: 5SF
2-2: Ball
3-2: Foul Ball, location: 25F
3-2: Hit by Pitch
Batting: RHB Amos Otis 0-0: Called Strike
0-1: Ball
1-1: Foul Ball, location: 2F
1-2: Strikes out swinging
Batting: RHB Masahiro Sakai 0-0: Ball
1-0: Foul Ball, location: 2F
1-1: Ball
2-1: Foul Ball, location: 9LDF
2-2: Strikes out swinging
Top of the 6th over - 0 runs, 0 hits, 0 errors, 1 left on base; Toronto 0 - Philadelphia 1
BOTTOM OF THE 6TH
Philadelphia Athletics batting - Pitching for Toronto Blue Jays : RHP Jesús Núñez
Batting: LHB Jerry Bowen 0-0: Ground out 5-3 (Groundball, 56, EV 110.0 MPH)
Batting: RHB Carl Plumer 0-0: Called Strike
0-1: Ball
1-1: SINGLE (Flyball, 56D, EV 84.4 MPH)
Batting: LHB Oscar Gamble 0-0: Ball
1-0: Ball
Carl Plumer steals 2nd base
2-0: Called Strike
2-1: Foul Ball, location: 2F
2-2: Strikes out swinging
Batting: RHB Bobby Bonds 0-0: Called Strike
0-1: Ball
1-1: Called Strike
Carl Plumer steals 3rd base
1-2: Ball
2-2: Foul Ball, location: 2F
2-2: Ball
3-2: Base on Balls
Batting: LHB Declan Lee 0-0: Foul Ball, location: 2F
0-1: Ball
1-1: Swinging Strike
1-2: Ball
2-2: Fly out, F7 (Flyball, 7, EV 78.1 MPH)
Bottom of the 6th over - 0 runs, 1 hit, 0 errors, 2 left on base; Toronto 0 - Philadelphia 1
TOP OF THE 7TH
Toronto Blue Jays batting - Pitching for Philadelphia Athletics : LHP Jerry Bowen
Batting: RHB Danny Britt 0-0: Called Strike
0-1: Ball
1-1: Ball
2-1: Swinging Strike
2-2: Ground out U3 (Groundball, 3, EV 78.8 MPH)
Batting: RHB Walt Bates 0-0: Called Strike
0-1: Foul Ball, location: 2F
0-2: Strikes out swinging
Batting: RHB Jim Fregosi 0-0: Foul Ball, location: 2F
0-1: Called Strike
0-2: Ball
1-2: Ball
2-2: Foul Ball, location: 5FF
2-2: Foul Ball, location: 9LMF
2-2: Foul Ball, location: 2F
2-2: Ball
3-2: Foul Ball, location: 23FF
3-2: SINGLE (Line Drive, 7S, EV 90.6 MPH)
Batting: RHB Howard Brown 0-0: Ball
1-0: Ball
2-0: SINGLE (Line Drive, 78S, EV 98.8 MPH)
Jim Fregosi to second
Batting: RHB Jesús Núñez 0-0: Called Strike
0-1: Fly out, F7 (Flyball, 7LSF, EV 78.8 MPH)
Top of the 7th over - 0 runs, 2 hits, 0 errors, 2 left on base; Toronto 0 - Philadelphia 1
BOTTOM OF THE 7TH
Philadelphia Athletics batting - Pitching for Toronto Blue Jays : RHP Jesús Núñez
Batting: RHB Frank Harris 0-0: Fly out, F7 (Line Drive, 78D, EV 100.0 MPH)
Batting: LHB Ed Kirkpatrick 0-0: Fly out, F8 (Flyball, 8LM, EV 95.6 MPH)
Batting: RHB Toby Harrah 0-0: Called Strike
0-1: Swinging Strike
0-2: Foul Ball, location: 2F
0-2: Ball
1-2: Strikes out swinging
Bottom of the 7th over - 0 runs, 0 hits, 0 errors, 0 left on base; Toronto 0 - Philadelphia 1
TOP OF THE 8TH
Toronto Blue Jays batting - Pitching for Philadelphia Athletics : LHP Jerry Bowen
Batting: RHB Waylon Castro 0-0: Ball
1-0: Ball
2-0: DOUBLE (Line Drive, 9LM, EV 104.4 MPH)
Pitching: RHP Bengt Brouwers
Pinch Hitting: LHB Bo Meza 0-0: Called Strike
0-1: Ball
1-1: Called Strike
1-2: Fly out, F6 (Popup, 56D, EV 44.4 MPH)
Pinch Hitting: LHB Willie Stargell 0-0: Foul Ball, location: 3FF
0-1: SINGLE (Line Drive, 8RS, EV 93.1 MPH)
Waylon Castro to third
Runner from 3rd tries for Home, SAFE, throw by CF to home
Willie Stargell to second
Pinch Hitting: LHB Floyd Robinson 0-0: Swinging Strike
0-1: Called Strike
0-2: Ball
1-2: Ball
2-2: Foul Ball, location: 25F
2-2: Ball
3-2: Foul Ball, location: 7LSF
3-2: 2-RUN HOME RUN (Flyball, 8LXD, EV 112.5 MPH), Distance : 461 ft
Batting: RHB Danny Britt 0-0: Called Strike
0-1: Ball
1-1: Ball
2-1: Swinging Strike
2-2: Foul Ball, location: 5FF
2-2: Strikes out swinging
Batting: RHB Walt Bates 0-0: Foul Ball, location: 2F
0-1: Foul Ball, location: 2RF
0-2: Foul Ball, location: 23F
0-2: Ball
1-2: Foul Ball, location: 7LMF
1-2: Ball
2-2: Ball
3-2: Base on Balls
Pitching: LHP Rob Gardner
Batting: RHB Jim Fregosi 0-0: Foul Ball, location: 2F
0-1: Foul Ball, location: 25F
0-2: Ball
1-2: Fielders Choice at 2nd, 6-4 (Groundball, 56, EV 100.0 MPH)
Top of the 8th over - 3 runs, 3 hits, 0 errors, 1 left on base; Toronto 3 - Philadelphia 1
BOTTOM OF THE 8TH
Philadelphia Athletics batting - Pitching for Toronto Blue Jays : RHP Jesús Núñez
Now in LF: Mike Hershberger
Now in CF: Edgar Ledesma
Now in RF: Floyd Robinson
Batting: RHB Bobby Knoop 0-0: Called Strike
0-1: Foul Ball, location: 2F
0-2: Ball
1-2: Fly out, F2 (Popup, 2LF, EV 83.1 MPH)
Pinch Hitting: RHB Steve Garvey 0-0: Called Strike
0-1: Ball
1-1: Called Strike
1-2: Ball
2-2: Ground out 5-3 (Groundball, 5, EV 103.1 MPH)
Batting: RHB Carl Plumer 0-0: Swinging Strike
0-1: Swinging Strike
0-2: Ball
1-2: Foul Ball, location: 2F
1-2: Ball
2-2: Ground out 6-3 (Groundball, 56, EV 100.0 MPH)
Bottom of the 8th over - 0 runs, 0 hits, 0 errors, 0 left on base; Toronto 3 - Philadelphia 1
TOP OF THE 9TH
Toronto Blue Jays batting - Pitching for Philadelphia Athletics : LHP Rob Gardner
Pitching: RHP Gene Garber
Batting: RHB Howard Brown 0-0: Ball
1-0: Foul Ball, location: 2F
1-1: Ball
2-1: Ground out U3 (Groundball, 3L, EV 89.4 MPH)
Pinch Hitting: RHB Steve Craig 0-0: Ball
1-0: Foul Ball, location: 2F
1-1: Swinging Strike
1-2: Ground out 1-3 (Groundball, P, EV 71.9 MPH)
Batting: RHB Waylon Castro 0-0: Ball
1-0: Called Strike
1-1: Ball
2-1: Ground out 6-3 (Groundball, 6S, EV 68.8 MPH)
Top of the 9th over - 0 runs, 0 hits, 0 errors, 0 left on base; Toronto 3 - Philadelphia 1
BOTTOM OF THE 9TH
Philadelphia Athletics batting - Pitching for Toronto Blue Jays : RHP Jesús Núñez
Pitching: LHP Steve Carlton
Now at 2B: Steve Craig
Batting: LHB Oscar Gamble 0-0: SINGLE (Line Drive, 7S, EV 93.1 MPH)
Batting: RHB Bobby Bonds 0-0: Called Strike
0-1: Fly out, F8 (Flyball, 8RM, EV 83.8 MPH)
Pinch Hitting: RHB Lou Piniella 0-0: Ground out 5-3 (Groundball, 5, EV 90.0 MPH)
Oscar Gamble to second
Batting: RHB Frank Harris 0-0: Ball
1-0: Ball
2-0: Swinging Strike
2-1: SINGLE (Line Drive, 8RS, EV 108.1 MPH)
Oscar Gamble to third
Pinch Hitting: RHB Fred Kendall 0-0: Called Strike
0-1: Swinging Strike
0-2: Fielders Choice at 2nd, 5-4 (Groundball, 56, EV 80.6 MPH)
Bottom of the 9th over - 0 runs, 2 hits, 0 errors, 2 left on base; Toronto 3 - Philadelphia 1
Friday, March 1st , 2024 - OOTP Baseball 24.8 Build 75